 Dungeon Crawl Stone Soup version 0.22-a0-419-g492bfec (webtiles) character file.

3461 Mgcat the Geomancer (level 9, -5/79 HPs)
             Began as a Deep Dwarf Earth Elementalist on May 15, 2018.
             Was a Follower of Vehumet.
             Killed from afar by a gargoyle (21 damage)
             ... with a stone arrow
             ... on level 7 of the Dungeon.
             The game lasted 00:32:05 (9400 turns).

Mgcat the Geomancer (Deep Dwarf Earth Elementalist) Turns: 9400, Time: 00:32:05

Health: -5/79      AC:  9    Str: 13    XL:     9   Next: 78%
Magic:  0/15       EV: 15    Int: 18    God:    Vehumet [*.....]
Gold:   307        SH:  0    Dex: 13    Spells: 11/20 levels left

rFire    . . .     SeeInvis .   t - +3 dagger (speed)
rCold    + . .     Gourm    .   (no shield)
rNeg     . . .     Faith    .   c - +1 robe
rPois    .         Spirit   .   h - +2 helmet
rElec    .         Reflect  .   (no cloak)
rCorr    .         Harm     .   w - +2 pair of gloves
MR       +....                  (no boots)
Stlth    ++........             (no amulet)
HPRegen  0.00/turn              s - ring of wizardry {Wiz+, !d}
MPRegen  0.14/turn              A - ring of protection from cold {rC+, !d}

@: non-regenerating
A: damage resistance, heal wounds, sense surroundings 2, no regeneration
a: Heal Wounds, Renounce Religion


You were on level 7 of the Dungeon.
You worshipped Vehumet.
Vehumet was aware of your devotion.
You were not hungry.

You visited 2 branches of the dungeon, and saw 8 of its levels.

You collected 307 gold pieces.

Inventory:

Hand Weapons
 t - a +3 dagger of speed (weapon)
   (You took it off an orc wizard on level 4 of the Dungeon)
Missiles
 b - 2 stones (quivered)
 y - 2 throwing nets {=f, !d}
Armour
 c - a +1 robe (worn)
 h - a +2 helmet (worn)
   (You found it on level 1 of the Dungeon)
 v - a +0 buckler
   (You found it on level 5 of the Dungeon)
 w - a +2 pair of gloves (worn)
   (You found it on level 5 of the Dungeon)
Jewellery
 s - a ring of wizardry (left hand) {Wiz+, !d}
   (You found it on level 4 of the Dungeon)
 A - a ring of protection from cold (right hand) {rC+, !d}
   (You found it on level 6 of the Dungeon)
Wands
 e - a wand of disintegration (7)
   (You found it on level 4 of the Dungeon)
 f - a wand of flame (28)
   (You found it on level 4 of the Dungeon)
 z - a wand of iceblast (11)
   (You found it on level 5 of the Dungeon)
Scrolls
 k - 2 scrolls of identify
 m - 3 scrolls of remove curse
Potions
 a - a potion of invisibility {unknown}
 g - a potion of resistance
 j - 2 potions of curing
 l - 2 potions of flight {unknown}
 n - a potion of degeneration {unknown}
 o - a potion of heal wounds
 p - a potion of brilliance {unknown}
 q - a potion of haste {unknown}
 r - a potion of berserk rage {unknown}
 u - a potion of magic {unknown}
Comestibles
 d - 11 rations


   Skills:
 + Level 4.5 Fighting
 + Level 6.1 Dodging
 - Level 2.4 Stealth
 + Level 6.0 Spellcasting
 + Level 6.0 Conjurations
   Level 0.8 Transmutations
 + Level 9.9 Earth Magic


You had 11 spell levels left.
You knew the following spells:

 Your Spells              Type           Power        Failure   Level  Hunger
a - Sandblast             Erth           #####.       1%          1    None
b - Stone Arrow           Conj/Erth      ####..       1%          3    ##.....
c - Lee's Rapid Deconstr  Erth           #####.....   2%          5    #####..

Your spell library contained the following spells:

 Spells                   Type           Power        Failure   Level  Hunger
 Confuse                  Hex            #.......     14%         3    ##.....
 Confusing Touch          Hex            #.....       4%          1    None
 Passwall                 Tmut/Erth      ###.......   1%          2    None
 Metabolic Englaciation   Hex/Ice        #.........   75%         5    #####..
 Petrify                  Tmut/Erth      ###.....     5%          4    ####...
 Gell's Gravitas          Tloc           #.........   14%         3    ##.....
 Yara's Violent Unravell  Hex/Tmut       #.........   69%         5    #####..


Dungeon Overview and Level Annotations

Branches:
Dungeon (7/15)             Temple (1/1) D:5

Altars:
Ashenzari
Cheibriados
Dithmenos
Elyvilon
Fedhas
Gozag
Hepliaklqana
Kikubaaqudgha
Makhleb
Nemelex Xobeh
Okawaru
Qazlal
Ru
Sif Muna
Trog
Uskayaw
Vehumet
Wu Jian
Xom
Yredelemnul
Zin
The Shining One
Jiyva

Annotations:
D:3 Kairos's ghost, amateur DsGl


Innate Abilities, Weirdness & Mutations

You are resistant to damage.
You can heal yourself by infusing magical energy.
You passively map the area around you.
You do not regenerate.


Message History

Aim: a hound (hasn't noticed you)
The stone arrow hits the hound.
The hound is moderately wounded.
The hound barks!
You are starving!
You don't have the energy to cast that spell.
You eat one of the 12 rations.
That ration really hit the spot!
The hound bites you but does no damage. The hound misses you.
Casting: Stone Arrow (safe; 1% risk of failure)
Confirm with . or Enter, or press ? or * to list all spells.
Aiming: Sandblast (safe; 1% risk of failure)
Press: ? - help, Shift-Dir - straight line, f/p - hound
Aim: a hound (moderately wounded)
The blast of sand misses the hound.
b - 4 stones The hound barely misses you.
Casting: Sandblast (safe; 1% risk of failure)
Confirm with . or Enter, or press ? or * to list all spells.
Aiming: Sandblast (safe; 1% risk of failure)
Press: ? - help, Shift-Dir - straight line, f/p - hound
Aim: a hound (moderately wounded)
The blast of sand hits the hound.
You kill the hound!
Vehumet accepts your kill.
You feel your power returning.
b - 3 stones
Casting: Sandblast (safe; 1% risk of failure)
Confirm with . or Enter, or press ? or * to list all spells.
Aiming: Stone Arrow (safe; 1% risk of failure)
Press: ? - help, Shift-Dir - straight line, f - orc priest
Aim: an orc priest, wearing a chain mail The stone arrow hits the orc priest.
The orc priest is severely wounded.
The orc priest mumbles some strange prayers to Beogh against you.
Beogh smites you!
Casting: Stone Arrow (safe; 1% risk of failure)
Confirm with . or Enter, or press ? or * to list all spells.
Aiming: Sandblast (safe; 1% risk of failure)
Press: ? - help, Shift-Dir - straight line, f/p - orc priest
Aim: an orc priest, wearing a chain mail (severely wounded)
The blast of sand hits the orc priest.
You kill the orc priest!
Vehumet accepts your kill.
b - 2 stones You see here a jackal skeleton.
You see here 17 gold pieces.
As you open the door, it creaks loudly!
You open the door.
A gargoyle comes into view. It is wielding a flail.
Autopickup is now on.
You close the door.
As you open the door, it creaks loudly!
A gargoyle opens the door.
It is wielding a mace.
The gargoyle hurls a stone arrow at you.
The stone arrow hits you!
Casting: Sandblast (safe; 1% risk of failure)
Confirm with . or Enter, or press ? or * to list all spells.
Aiming: Lee's Rapid Deconstruction (safe; 2% risk of failure)
Press: ? - help, Dir - move target cursor, f - gargoyle Fragment what (e.g. wall or brittle monster)?: a gargoyle, wielding a flail The gargoyle shatters!
You blow up the gargoyle!
Vehumet accepts your kill.
A gargoyle opens the door. x3
The gargoyle hurls a stone arrow at you.
The stone arrow hits you!
* * * LOW HITPOINT WARNING * * *
Casting: Lee's Rapid Deconstruction (safe; 2% risk of failure)
Confirm with . or Enter, or press ? or * to list all spells.
Aiming: Lee's Rapid Deconstruction (safe; 2% risk of failure)
Press: ? - help, Dir - move target cursor, f - gargoyle Fragment what (e.g. wall or brittle monster)?: a gargoyle, wielding a mace The gargoyle shatters!
You blow up the gargoyle!
Vehumet accepts your kill.
Your Dodging skill increases to level 6!
Your Spellcasting skill increases to level 6!
Your Conjurations skill increases to level 6!
A gargoyle opens the door.
It was a potion of heal wounds.
You feel much better. The gargoyle barely misses you.
The gargoyle hurls a stone arrow at you.
The stone arrow misses you.
Casting: Lee's Rapid Deconstruction (safe; 2% risk of failure)
Confirm with . or Enter, or press ? or * to list all spells.
Aiming: Lee's Rapid Deconstruction (safe; 2% risk of failure)
Press: ? - help, Dir - move target cursor, f - gargoyle Fragment what (e.g. wall or brittle monster)?: a gargoyle, wielding a mace The gargoyle shatters!
The gargoyle is moderately damaged.
The blast of rock fragments hits the gargoyle. x2
The gargoyle is moderately damaged.
The gargoyle hurls a stone arrow at you.
The stone arrow hits you!
The gargoyle hurls a stone arrow at you.
The stone arrow hits you!
* * * LOW HITPOINT WARNING * * *
The gargoyle hurls a stone arrow at you.
The stone arrow hits you!
You die...

#..$## ##.....##.. ,* ,
#..#.###.#?#..#... *
#.[##.#.##........ ,,,
#)).....####..... , , , ,
#.#####.[..#...## *## ,, ,
#.#####....#.###=###(# ,,
#.##..รท......#8##'.'##
#<##........###'.....+#*#,
#..........@#8#.......#?#
*
####..........999.....'#*
#>###.......9..8....# #.#
#..............+# * #.#
#....#8#.......# *
#.#*####.###+)....'# *
#..,, ...* ##'.)##$# ,*
###* ,.##.* #[###?# # *
.[**, ,##* ## ,


You could see 4 gargoyles.

Vanquished Creatures
  The ghost of KristoblXynda the Ruffian, a novice TrWz of Ashenzari (D:6)
  2 gargoyles (D:7)
  Grinder (D:3)
  3 orc warriors
  An ice beast (D:5)
  A sky beast (D:5)
  A phantom (D:6)
  3 centaurs
  A bullfrog (D:5)
  2 scorpions
  A bullfrog zombie (D:6)
  A centaur zombie (D:6)
  3 crimson imps
  8 orc priests
  A jelly (D:6)
  2 hounds
  A bullfrog skeleton (D:7)
  2 centaur skeletons (D:6)
  An iguana (D:5)
  7 orc wizards
  6 worker ants
  A howler monkey zombie (D:6)
  12 gnolls
  11 adders
  A shadow imp (D:7)
  An ooze (D:1)
  An adder zombie (D:5)
  3 worms (D:2)
  2 dart slugs
  9 leopard geckos
  33 orcs
  3 ball pythons
  6 bats
  3 giant cockroaches
  10 goblins
  8 hobgoblins
  20 jackals
  8 kobolds
  5 quokkas
  4 frilled lizards
  A giant cockroach zombie (D:5)
  7 rats
198 creatures vanquished.

Notes
Turn   | Place    | Note
-------+----------+-------------------------------------------
     0 | D:1      | Mgcat the Deep Dwarf Earth Elementalist began the quest for the Orb.
     0 | D:1      | Reached XP level 1. HP: 15/15 MP: 3/3
    97 | D:1      | Reached skill level 2 in Spellcasting
   219 | D:1      | Reached XP level 2. HP: 11/22 MP: 5/5
  1021 | D:2      | Reached XP level 3. HP: 12/28 MP: 3/6
  1026 | D:2      | Learned a level 3 spell: Stone Arrow
  1274 | D:2      | Reached skill level 5 in Earth Magic
  1777 | D:2      | HP: 5/28 [worm (3)]
  1907 | D:2      | Found a blossoming altar of Fedhas.
  2064 | D:3      | Noticed Kairos's ghost (amateur DsGl)
  2087 | D:3      | Reached XP level 4. HP: 36/36 MP: 2/8
  2141 | D:3      | Reached skill level 1 in Conjurations
  2806 | D:3      | Reached skill level 3 in Spellcasting
  3289 | D:3      | Noticed Grinder
  3545 | D:3      | Paralysed by Grinder for 2 turns
  3550 | D:3      | Paralysed by Grinder for 5 turns
  3562 | D:3      | Paralysed by Grinder for 6 turns
  3569 | D:3      | Killed Grinder
  3569 | D:3      | Reached skill level 2 in Conjurations
  3569 | D:3      | Reached skill level 6 in Earth Magic
  3569 | D:3      | Reached XP level 5. HP: 25/42 MP: 2/10
  3569 | D:3      | Reached XP level 6. HP: 29/49 MP: 2/11
  3874 | D:4      | Reached skill level 3 in Conjurations
  3920 | D:4      | Learned a level 5 spell: Lee's Rapid Deconstruction
  3935 | D:4      | Found an ancient bone altar of Kikubaaqudgha.
  4079 | D:4      | HP: 2/49 [gnoll/halberd (11)]
  4249 | D:4      | Reached skill level 4 in Spellcasting
  4249 | D:4      | Reached skill level 7 in Earth Magic
  4482 | D:4      | Reached XP level 7. HP: 46/55 MP: 2/13
  4555 | D:4      | Found a bloodstained altar of Trog.
  5197 | D:5      | Entered Level 5 of the Dungeon
  5332 | D:5      | Reached skill level 1 in Fighting
  5519 | D:5      | Reached skill level 3 in Dodging
  5553 | D:5      | Reached skill level 4 in Conjurations
  5791 | D:5      | Reached XP level 8. HP: 24/66 MP: 1/14
  5797 | D:5      | HP: 15/66 [something (3)]
  5817 | D:5      | Reached skill level 2 in Fighting
  5817 | D:5      | Reached skill level 8 in Earth Magic
  5962 | D:5      | Found a sparkling altar of Nemelex Xobeh.
  5963 | D:5      | Found an opulent altar of Gozag.
  6175 | D:5      | Found a staircase to the Ecumenical Temple.
  6184 | Temple   | Entered the Ecumenical Temple
  6322 | Temple   | Became a worshipper of Vehumet
  6583 | D:5      | Found a glowing silver altar of Zin.
  6583 | D:5      | Found a glowing golden altar of the Shining One.
  6584 | D:5      | Found a white marble altar of Elyvilon.
  6731 | D:6      | Found a hazy altar of Hepliaklqana.
  6835 | D:6      | Reached skill level 4 in Dodging
  7090 | D:6      | Reached skill level 5 in Spellcasting
  7506 | D:6      | Noticed KristoblXynda's ghost (novice TrWz)
  7568 | D:6      | Reached skill level 3 in Fighting
  7570 | D:6      | HP: 4/69 [orc priest/divine providence (15)]
  7600 | D:6      | Reached * piety under Vehumet
  7600 | D:6      | Offered knowledge of Shock by Vehumet.
  7774 | D:6      | Reached skill level 5 in Conjurations
  7925 | D:6      | HP: 7/69 [orc priest/divine providence (15)]
  8081 | D:6      | Reached skill level 9 in Earth Magic
  8081 | D:6      | Gained mutation: You passively map the area around you. [Deep Dwarf growth]
  8081 | D:6      | Reached XP level 9. HP: 75/76 MP: 1/16
  8513 | D:5      | HP: 14/76 [orc warrior/hand axe (16)]
  8514 | D:5      | HP: 4/76 [orc warrior/hand axe (10)]
  8517 | D:5      | Reached skill level 5 in Dodging
  8854 | D:7      | Found an iron altar of Okawaru.
  8854 | D:7      | Found a burning altar of Makhleb.
  8854 | D:7      | Found a sacrificial altar of Ru.
  8854 | D:7      | Found a snail-covered altar of Cheibriados.
  8979 | D:6      | HP: 18/76 [KristoblXynda's ghost (13)]
  8980 | D:6      | Killed KristoblXynda's ghost
  8980 | D:6      | Reached skill level 4 in Fighting
  9386 | D:7      | Noticed a gargoyle
  9389 | D:7      | Noticed a gargoyle
  9391 | D:7      | Killed a gargoyle
  9392 | D:7      | Noticed a gargoyle
  9392 | D:7      | Noticed a gargoyle
  9392 | D:7      | Noticed a gargoyle
  9393 | D:7      | HP: 19/79 [gargoyle/stone arrow (12)]
  9394 | D:7      | Killed a gargoyle
  9394 | D:7      | Reached skill level 6 in Dodging
  9394 | D:7      | Reached skill level 6 in Spellcasting
  9394 | D:7      | Reached skill level 6 in Conjurations
  9395 | D:7      | Noticed a gargoyle
  9400 | D:7      | HP: 16/79 [gargoyle/stone arrow (15)]
  9400 | D:7      | Killed from afar by a gargoyle

Vault maps used:
D:1:      minmay_arrival_nine_rooms
D:2:      marbit_many_paths, serial_co_window_serial, co_window_corner_a,
          co_window_of_opportunity_a, co_window_corner_a, co_window_paths_a,
          co_window_paths_b, co_window_unsneaky_path_c, co_window_broadway_c,
          co_window_paths_c, co_window_unsneaky_path_b, co_window_corner_cb,
          co_window_of_opportunity_b, glass_columns_a, glass_columns_a,
          glass_columns_a
D:3:      cheibrodos_greedy_goblins, first_ration, uniq_grinder
D:4:      old_standard_altar, trog_butcher_becter
D:5:      good_gods_temple_1, grunt_temple_overflow_opulence,
          minmay_temple_entry_purple_smoke
D:6:      basic_altar
D:7:      cheibrodos_statue_roulette, grunt_temple_overflow_open,
          uniq_crazy_yiuf_cottage
Temple:   pf_slime_end_temple

Skill      XL: |  1  2  3  4  5  6  7  8  9 |
---------------+----------------------------+-----
Spellcasting   | 2 3 4 5 6 |  6.0
Earth Magic    | 5 6 7 9 |  9.9
Conjurations   | 2 3 4 5 6 |  6.0
Fighting       | 1 3 4 |  4.5
Dodging        | 3 4 6 |  6.1
Stealth        | |  2.4
Transmutations | |  0.8

Action                   |  1- 3 |  4- 6 |  7- 9 || total
-------------------------+-------+-------+-------++-------
Melee: Dagger            |    91 |    15 |    79 ||   185
 Cast: Sandblast         |    33 |    49 |   132 ||   214
       Stone Arrow       |       |    43 |    94 ||   137
       Lee's Rapid Decon |       |       |     7 ||     7
 Abil: Heal Wounds       |     1 |     2 |    13 ||    16
  Use: Scroll            |       |     7 |     5 ||    12
       Potion            |       |       |     1 ||     1
 Stab: Sleeping          |     5 |       |       ||     5
  Eat: Chunk             |     4 |    12 |    16 ||    32
       Ration            |       |       |     2 ||     2
Armor: Robe              |    28 |     3 |    36 ||    67
Dodge: Dodged            |    72 |    21 |   101 ||   194

Table legend:
 A = Spawn XP
 B = Non-spawn XP
 C = Spawn XP percentage of total XP
 D = Spawn monster count
 E = Non-spawn monster count
 F = Spawn count percentage of total count
 G = Total turns spent on level
                    A         B        C        D         E        F      G
               +---------+---------+-------+---------+---------+-------+---------
         Total |       0 |    4945 |   0.0 |       0 |     198 |   0.0 |  9400
               +---------+---------+-------+---------+---------+-------+---------
           D:1 |       0 |      34 |   0.0 |       0 |      18 |   0.0 |   947
           D:2 |       0 |      60 |   0.0 |       0 |      15 |   0.0 |  1130
           D:3 |       0 |     374 |   0.0 |       0 |      32 |   0.0 |  1433
           D:4 |       0 |     432 |   0.0 |       0 |      44 |   0.0 |  1790
           D:5 |       0 |     993 |   0.0 |       0 |      24 |   0.0 |  1493
           D:6 |       0 |    2122 |   0.0 |       0 |      53 |   0.0 |  2165
           D:7 |       0 |     930 |   0.0 |       0 |      12 |   0.0 |   289
               +---------+---------+-------+---------+---------+-------+---------

Vault maps used:
D:1:      minmay_arrival_nine_rooms
D:2:      marbit_many_paths, serial_co_window_serial, co_window_corner_a,
          co_window_of_opportunity_a, co_window_corner_a, co_window_paths_a,
          co_window_paths_b, co_window_unsneaky_path_c, co_window_broadway_c,
          co_window_paths_c, co_window_unsneaky_path_b, co_window_corner_cb,
          co_window_of_opportunity_b, glass_columns_a, glass_columns_a,
          glass_columns_a
D:3:      cheibrodos_greedy_goblins, first_ration, uniq_grinder
D:4:      old_standard_altar, trog_butcher_becter
D:5:      good_gods_temple_1, grunt_temple_overflow_opulence,
          minmay_temple_entry_purple_smoke
D:6:      basic_altar
D:7:      cheibrodos_statue_roulette, grunt_temple_overflow_open,
          uniq_crazy_yiuf_cottage
Temple:   pf_slime_end_temple

Table legend:
 A = Turns spent in this place as a percentage of turns spent in the entire game.
 B = Non-inter-level travel turns spent in this place as a percentage of non-inter-level travel turns spent in the entire game.
 C = Inter-level travel turns spent in this place as a percentage of turns spent in this place.
 D = Turns resting spent in this place as a percentage of non-inter-level travel turns spent in this place.
 E = Turns spent auto-exploring this place as a percentage of non-inter-level travel turns spent in this place.
 F = Non-inter-level travel turns spent in this place divided by the number of levels of this place that you've seen.
                   A       B       C       D       E      F
               +-------+-------+-------+-------+-------+----------------------
         Total | 100.0 | 100.0 |   2.8 |   7.2 |  73.7 | 1142.5
       Dungeon |  98.4 |  98.7 |   2.4 |   7.3 |  73.4 | 1288.7
        Temple |   1.6 |   1.3 |  22.2 |   0.0 |  97.5 | 119.0
               +-------+-------+-------+-------+-------+----------------------

Table legend:
 A = Kills in this place as a percentage of kills in entire the game.
 B = Kills by you in this place as a percentage of kills by you in the entire game.
 C = Kills by friends in this place as a percentage of kills by friends in the entire game.
 D = Other kills in this place as a percentage of other kills in the entire game.
 E = Experience gained in this place as a percentage of experience gained in the entire game.
 F = Experience gained in this place divided by the number of levels of this place that you have seen.
                   A       B       C       D       E      F
               +-------+-------+-------+-------+-------+----------------------
         Total | 100.0 | 100.0 |   N/A |   N/A | 100.0 | 618.1
       Dungeon | 100.0 | 100.0 |   N/A |   N/A | 100.0 | 706.4
               +-------+-------+-------+-------+-------+----------------------
